 Dungeon Crawl Stone Soup version 0.24.0-1-gfbc8707 (webtiles) character file.

Game seed: 10167591324307411760, levelgen mode: deterministic

221 jcbcroft the Skirmisher (level 5, -1/43 HPs)
             Began as a Demonspawn Assassin on Nov 5, 2019.
             Succumbed to a kobold's poison
             ... on level 3 of the Dungeon.
             The game lasted 00:08:24 (2912 turns).

jcbcroft the Skirmisher (Demonspawn Assassin)       Turns: 2912, Time: 00:08:24

Health: -1/43      AC: 10    Str: 13    XL:     5   Next: 65%
Magic:  5/5        EV:  5    Int: 12    God:
Gold:   121        SH:  0    Dex: 14    Spells: 4/4 levels left

rFire    x . .     SeeInvis .   s - +2 dagger (speed)
rCold    + . .     Gourm    .   (no shield)
rNeg     . . .     Faith    .   k - +0 chain mail
rPois    .         Spirit   +   (no helmet)
rElec    .         Reflect  .   c - +1 cloak
rCorr    .         Harm     .   (no gloves)
MR       +....     Clarity  +   (no boots)
Stlth    ..........             (no amulet)
HPRegen  0.14/turn              h - ring of ice
MPRegen  0.18/turn              m - ring of protection from magic

@: lethally poisoned (-1 -> -20)
A: clarity, powered by pain 1, wild magic 1, magic shield, magic regeneration
a: no special abilities


You were on level 3 of the Dungeon.
You were hungry.

You visited 1 branch of the dungeon, and saw 4 of its levels.

You collected 121 gold pieces.

Inventory:

Hand Weapons
 s - a +2 dagger of speed (weapon)
Missiles
 d - a poisoned dart (quivered)
 o - 35 stones
Armour
 b - a +0 robe
 c - a +1 cloak (worn)
 k - a +0 chain mail (worn)
Jewellery
 h - a ring of ice (left hand)
 m - a ring of protection from magic (right hand)
Wands
 a - a wand of random effects (18)
 r - a wand of flame (18)
Scrolls
 e - 2 scrolls of blinking {unknown}
 g - 3 scrolls of teleportation
 j - 2 scrolls of identify
 p - a scroll of enchant armour
 q - a scroll of immolation {unknown}
 t - a scroll of remove curse {unknown}
Potions
 l - a potion of heal wounds {unknown}
 n - a potion of haste {unknown}
Comestibles
 f - 6 rations
 u - 2 chunks of flesh


   Skills:
 + Level 4.4 Fighting
 + Level 4.0 Short Blades
 - Level 1.7 Throwing
 - Level 0.8 Dodging
 - Level 3.6 Stealth


You had 4 spell levels left.
You didn't know any spells.
Your spell library contained the following spells:

 Spells                   Type           Power        Failure   Level  Hunger
 Animate Skeleton         Necr           N/A          100%        1    ##.....
 Apportation              Tloc           #.....       100%        1    ##.....
 Confusing Touch          Hex            #.....       100%        1    ##.....
 Summon Small Mammal      Summ           #...         100%        1    ##.....


Dungeon Overview and Level Annotations

Branches:
Dungeon (4/15)
 Temple: D:4-7

Altars:

Annotations:
D:2 Sigmund


Innate Abilities, Weirdness & Mutations

You sometimes gain a little power by taking damage.
When hurt, damage is shared between your health and your magic reserves.
You regenerate magic rapidly.
You possess an exceptional clarity of mind.
Your spells are a little harder to cast, but a little more powerful.


Message History

You feel very sick. The worm barely misses you.
You see here 4 poisoned darts.
* * * LOW HITPOINT WARNING * * *
You feel very sick.
You see here a poisoned dart.
* * * LOW HITPOINT WARNING * * *
You feel sick.
* * * LOW HITPOINT WARNING * * *
You feel sick.
* * * LOW HITPOINT WARNING * * *
You feel sick.
* * * LOW HITPOINT WARNING * * *
You feel sick.
* * * LOW HITPOINT WARNING * * *
You feel sick.
Okay, then.
It was a potion of mutation.
You feel extremely strange.
You feel less in control of your magic.
Your thoughts seem clearer.
You die...

#.###..'...................
#.# #.##....#####......#.#.
#.# #.##....######.....#.#.
#.# #>[....................
#.# #############......#...
#.# ########.#+##.#.#.
#.########..).......##.....
#........<........######...
##########@######## ..
#.##### #.....# ########w##
.......#(########
#)(.(......#
.........########
...##...... . ........##


There were no monsters in sight!

Vanquished Creatures
  A howler monkey (D:4)
  2 orc wizards (D:3)
  A worker ant (D:4)
  4 gnolls
  An adder (D:4)
  An ooze (D:3)
  2 worms (D:4)
  5 leopard geckos
  5 orcs
  3 giant cockroaches
  2 goblins
  3 bats (D:1)
  6 frilled lizards
  9 kobolds
  3 rats
48 creatures vanquished.

Notes
Turn   | Place    | Note
-------+----------+-------------------------------------------
     0 | D:1      | jcbcroft the Demonspawn Assassin began the quest for the
                  | Orb.
     0 | D:1      | Reached XP level 1. HP: 16/16 MP: 1/1
   108 | D:1      | Gained mutation: When hurt, damage is shared between your
                  | health and your magic reserves. [demonic ancestry]
   108 | D:1      | Reached XP level 2. HP: 23/23 MP: 2/2
   408 | D:1      | Reached XP level 3. HP: 26/28 MP: 3/3
   777 | D:2      | Noticed Sigmund
  1707 | D:3      | Gained mutation: You regenerate magic rapidly. [demonic
                  | ancestry]
  1707 | D:3      | Reached XP level 4. HP: 33/35 MP: 2/4
  1742 | D:4      | Noticed a phantom
  1823 | D:4      | Gained mutation: You sometimes gain a little power by
                  | taking damage. [demonic ancestry]
  1823 | D:4      | Reached XP level 5. HP: 27/42 MP: 5/5
  2911 | D:3      | HP: 1/43 [poisoned by a kobold]
  2912 | D:3      | Gained mutation: Your spells are a little harder to cast,
                  | but a little more powerful. [potion of mutation]
  2912 | D:3      | Gained mutation: You possess an exceptional clarity of
                  | mind. [potion of mutation]
  2912 | D:3      | Succumbed to a kobold's poison

Levels and vault maps discovered:
D:1:      evilmike_arrival_plus, layout_loops_ring
D:2:      layout_loops_cross, lemuel_round_altar, first_ration, uniq_sigmund,
          uniq_natasha
D:3:      layout_basic, lemuel_round_altar
D:4:      layout_basic, gup_sewer_entry_bubbles

Skill      XL: |  1  2  3  4  5 |
---------------+----------------+-----
Short Blades   | 2 3 4 |  4.0
Fighting       | 3 4 |  4.4
Throwing       | |  1.7
Dodging        | |  0.8
Stealth        | |  3.6

Action                   |  1- 3 |  4- 6 || total
-------------------------+-------+-------++-------
Melee: Dagger            |   140 |   137 ||   277
Throw: Dart              |     9 |     1 ||    10
  Use: Scroll            |     4 |     2 ||     6
       Potion            |     4 |     1 ||     5
 Stab: Sleeping          |     4 |       ||     4
  Eat: Chunk             |     2 |     4 ||     6
Armor: Robe              |     3 |       ||     3
       Chain mail        |    78 |    70 ||   148
Dodge: Dodged            |    34 |    24 ||    58
